Description

Fast ling speed, bane transition. 17 drones.

Replay - RO8 - South Korea vs Canada - Map 5

Build Order

Get SALT Encoding   

  12  0:00  Drone  
  13  0:08  Drone  
  14  0:16  Extractor, Drone  Extractor trick
  15  0:37  Hatchery  
  15  0:40  Extractor  3 drones. @100 gas, send to nat.
  13  0:55  Spawning Pool  
  12  0:58  Drone x2  
  14  1:08  Extractor  Extractor trick
  14  1:09  Drone  
  15  1:18  Overlord  
  15  1:41  Drone  
  15  1:46  Metabolic Boost  
  18  1:50  Queen  
  18  1:52  Drone  
  18  1:53  Zergling  Just keep building lings.
  23  2:08  Overlord  
  35  3:05  Overlord  @speed 2 on gas.
  35  3:11  Overlord  
  31  3:46  Baneling Nest  @50 gas
Spawning Tool Build Advisor. Get it on Overwolf

Go to:

Details

  • Created by: debord
  • Published on: Jan 13, 2020
  • Modified on: Jan 13, 2020
  • Patch: 4.11.0
Show
View Real Time Build Order
Export as new Build Order

Comments (0)

There are no comments. Be the first!

Create an account to comment!